Map: Ice and Chrome LE

Players

StutterStep

  • Race: Terran Terran
  • League: Master
  • Spawn Location: 1:00

BerryRAWR - Winner!

  • Race: Terran Terran
  • League: Master
  • Spawn Location: 7:00

VOD

Have the link to the VOD?

Description

Time

  • Played on: June 14, 2020, 9:26 a.m.
  • Length: 22:02
Show
View Real Time Build Order
Export as new Build Order

StutterStep Terran 

Build Orders:  

Get SALT Encoding   

  12  0:00  SCV  
  13  0:13  SCV  
  14  0:18  Supply Depot  
  14  0:25  SCV  
  14  0:28  Refinery  
  15  0:40  SCV  
  16  0:45  Barracks  
  16  0:52  SCV  
  17  0:57  Refinery  
  17  1:04  SCV  
  18  1:17  SCV  
  20  1:32  Reaper, Orbital Command  
  20  1:38  Factory  
  20  1:46  Supply Depot  
  20  2:01  Engineering Bay  
  20  2:02  SCV  
  20  2:04  Marine  
  22  2:15  Bunker  
  22  2:17  SCV  
  22  2:22  Hellion  
  25  2:26  Marine  
  25  2:31  SCV  
  26  2:38  Bunker  
  26  2:43  SCV  
  26  2:46  Marine  
  26  2:48  Hellion  
  29  2:57  Supply Depot  
  28  3:10  Marine  
  26  3:13  Engineering Bay  
  25  3:22  Hellion  
  26  3:36  Marine  
  26  3:38  SCV  
  26  3:39  Starport  
  28  3:46  Hellion  
  30  3:50  SCV  
  30  3:55  Supply Depot  
  31  3:57  Marine  
  33  4:02  SCV  
  33  4:09  Factory Tech Lab  
  33  4:14  SCV  
  34  4:27  SCV  
  34  4:30  Starport Tech Lab  
  34  4:31  Cyclone  
  34  4:38  Command Center  
  34  4:39  SCV  
  34  4:42  Barracks Reactor  
  35  4:50  Raven  
  38  4:52  SCV  
  38  5:03  Cyclone  
  38  5:05  SCV  
  42  5:17  SCV  
  42  5:19  Marine x2  
  44  5:29  SCV  
  42  5:36  Raven  
  42  5:37  Cyclone  
  42  5:38  Marine x2  
  46  5:43  SCV  
  47  5:50  Supply Depot  
  47  5:52  Refinery  
  47  5:55  SCV  
  46  5:57  Marine  
  46  5:58  Marine  
  46  6:03  Command Center  
  48  6:07  SCV  
  48  6:09  Siege Tank  
  49  6:19  SCV, Orbital Command  
  47  6:31  SCV  
  48  6:43  SCV  
  48  6:44  Marine x2, Siege Tank  
  54  6:55  SCV  
  54  7:00  SCV  
  56  7:07  SCV, Raven, Supply Depot  
  59  7:12  SCV  
  59  7:15  Refinery  
  60  7:17  Orbital Command  
  60  7:19  SCV  
  60  7:22  Marine x2  
  63  7:35  SCV x2  
  56  7:38  Siege Tank  
  56  7:39  Orbital Command  
  60  7:47  SCV, Barracks  
  60  7:48  Barracks  
  62  7:54  SCV  
  61  7:59  SCV  
  61  8:04  Supply Depot  
  62  8:06  SCV  
  62  8:09  Stimpack  
  62  8:10  Viking, Marine  
  62  8:11  Viking, SCV  
  67  8:14  SCV  
  67  8:19  SCV  
  69  8:24  SCV  
  69  8:26  SCV  
  69  8:29  Siege Tank  
  69  8:31  SCV  
  73  8:36  SCV  
  73  8:38  SCV  
  73  8:39  Engineering Bay  
  75  8:42  Viking x2  
  75  8:43  SCV  
  75  8:45  Barracks Reactor x2  
  75  8:48  SCV  
  81  8:50  Supply Depot  
  81  8:51  Marine  
  81  8:55  SCV  
  83  9:01  Siege Tank  
  87  9:02  SCV  
  87  9:03  SCV  
  87  9:07  SCV  
  87  9:09  Marine  
  90  9:10  Sensor Tower  
  90  9:12  Viking  
  90  9:15  Barracks  
  90  9:16  Barracks  
  92  9:25  SCV x2  
  92  9:27  Marine  
  92  9:31  Marine x4  
  99  9:43  Siege Tank  
  99  9:45  Marine  
  95  9:48  Liberator  
  95  9:49  Marine x4  
  95  9:58  SCV x2  
  83  10:08  SCV  
  83  10:09  Marine x4  
  83  10:10  SCV x2  
  91  10:19  Marine  
  91  10:20  SCV  
  85  10:22  SCV  
  85  10:23  SCV  
  85  10:27  Marine x3  
  83  10:32  SCV  
  83  10:34  SCV  
  85  10:37  Barracks Reactor, Marine  
  85  10:38  SCV  
  87  10:44  SCV, Marine  
  87  10:45  Marine x3  
  92  10:51  Refinery  
  92  10:53  SCV, Refinery  
  92  10:54  SCV  
  92  10:55  Marine  
  92  10:57  SCV  
  96  11:02  Marine x2  
  98  11:07  Marine  
  98  11:08  Marine  
  100  11:12  SCV  
  100  11:15  Supply Depot x3  
  101  11:25  Marine x2  
  101  11:29  Marine x3  
  101  11:30  Marine x2  
  101  11:31  SCV, Siege Tank  
  80  11:43  Medivac, Marine x2  
  80  11:44  SCV  
  82  11:47  Marine x4  
  82  11:48  Marine  
  73  12:01  Marine x2  
  73  12:03  Siege Tank  
  73  12:05  Marine x3  
  73  12:06  SCV x3  
  81  12:12  Barracks Reactor x2  
  81  12:13  Combat Shield  
  79  12:17  Terran Infantry Weapons Level 1  
  79  12:18  SCV x3  
  79  12:19  Marine x2  
  79  12:20  Engineering Bay  
  84  12:23  Refinery, Marine x3  
  84  12:24  Refinery  
  87  12:30  SCV  
  87  12:31  SCV x2  
  87  12:36  Siege Tank  
  87  12:37  Medivac, Marine x2  
  83  12:41  Marine x3  
  83  12:42  SCV  
  83  12:43  SCV x2  
  88  12:48  Marine x4  
  91  12:54  Marine x2  
  91  12:55  SCV x2  
  95  12:58  Marine  
  95  12:59  SCV, Marine x2  
  95  13:02  Terran Infantry Armor Level 1  
  99  13:06  Marine x4  
  99  13:07  SCV x2  
  99  13:09  Siege Tank  
  99  13:12  Marine x2  
  108  13:16  Medivac x2, Marine x2  
  108  13:17  Marine  
  113  13:24  Marine x4  
  101  13:29  SCV x2  
  101  13:30  Marine x2  
  102  13:34  Marine x3  
  102  13:37  Sensor Tower  
  102  13:41  Marine, Siege Tank  
  106  13:42  Marine x3  
  106  13:43  SCV  
  106  13:46  Medivac  
  106  13:48  Marine x2  
  113  13:49  Medivac  
  113  13:50  SCV  
  113  13:51  SCV  
  113  13:52  Marine x2  
  113  13:54  Armory  
  113  13:55  SCV  
  122  13:56  Supply Depot x2  
  122  13:57  Marine  
  122  13:59  Marine  
  122  14:00  Marine  
  125  14:07  Marine x4  
  129  14:10  Marine x2  
  129  14:15  Marine  
  131  14:17  Marine x2  
  131  14:18  Medivac  
  135  14:25  Marine x4  
  137  14:31  Marine  
  137  14:32  Medivac, Marine, Siege Tank  
  137  14:33  Marine  
  137  14:35  Marine x2  
  137  14:37  SCV  
  147  14:43  Marine  
  148  14:46  Marine  
  148  14:47  Marine  
  148  14:48  Marine  
  148  14:49  Marine x2  
  148  14:51  Marine  
  144  14:53  Marine  
  131  15:09  SCV  
  131  15:13  Marine x9  
  141  15:20  SCV x2  
  141  15:31  Marine x2  
  141  15:35  Medivac, Siege Tank  
  129  15:36  Medivac  
  129  15:43  Marine  
  129  15:44  Marine x5  
  106  16:15  Marine  
  106  16:16  Marine x4  
  100  16:34  Orbital Command  
  94  16:47  Orbital Command  
  94  17:24  Supply Depot  
  94  17:25  SCV, Marine x2  
  97  17:32  Marine  
  97  17:33  SCV  
  99  17:44  Orbital Command  
  98  17:45  SCV  
  100  17:54  Marine x6  
  100  17:57  SCV  
  106  18:01  Marine  
  106  18:05  Marine  
  98  18:20  Orbital Command  
  96  18:40  Marine  
  96  18:41  Marine  
  92  18:54  Marine  
  91  19:33  Supply Depot x2  
  91  19:35  Supply Depot  
  87  20:05  Marine  
  87  20:06  SCV x2  
  68  20:18  SCV  
  35  20:30  Marine x2  
  35  20:31  Marine x7, Siege Tank  
  35  20:32  Medivac x2  
  46  20:48  Marine x3  
  46  20:49  Marine x6  
  48  20:51  SCV  
  49  21:03  SCV  
  50  21:05  Siege Tank  
  50  21:06  Marine x2  
  55  21:15  SCV  
  41  21:33  Marine x4  
  41  21:34  Marine  
  46  21:40  SCV  
  46  21:41  Marine  
Show
View Real Time Build Order
Export as new Build Order

BerryRAWR Terran - Winner!

Build Orders:  

Get SALT Encoding   

  12  0:01  SCV  
  13  0:13  SCV  
  14  0:18  Supply Depot  
  14  0:29  Refinery  
  14  0:43  Barracks  
  14  0:57  Barracks  
  14  1:01  SCV  
  15  1:13  SCV  
  16  1:22  Refinery  
  17  1:35  Reaper  
  17  1:36  Orbital Command  
  17  1:44  Reaper  
  18  2:04  SCV, Supply Depot  
  18  2:07  Reaper  
  20  2:16  Reaper  
  20  2:17  SCV  
  22  2:31  SCV  
  22  2:36  Factory  
  23  2:40  Reaper  
  23  2:43  SCV  
  25  2:48  Reaper  
  26  2:59  Supply Depot  
  25  3:12  Reaper  
  23  3:21  Reaper  
  24  3:31  Starport, Factory Tech Lab  
  24  3:32  SCV  
  24  3:44  SCV  
  24  3:46  Reaper  
  26  3:49  Cyclone  
  29  3:56  SCV  
  30  4:03  Command Center  
  30  4:08  SCV  
  31  4:13  Viking  
  31  4:21  SCV  
  29  4:33  SCV  
  30  4:45  SCV  
  31  4:50  Factory Tech Lab  
  31  4:51  Raven  
  33  4:57  SCV  
  35  5:09  SCV  
  35  5:10  Siege Tank  
  38  5:19  Orbital Command  
  35  5:37  Orbital Command  
  35  5:42  SCV, Siege Tank  
  39  5:45  Barracks  
  39  5:47  Barracks  
  39  5:55  SCV  
  40  5:58  Barracks Reactor  
  40  6:03  SCV  
  41  6:08  SCV  
  41  6:10  Raven  
  44  6:15  SCV  
  44  6:17  Refinery  
  45  6:20  SCV  
  43  6:27  SCV  
  43  6:32  SCV  
  40  6:39  SCV  
  39  6:44  SCV  
  39  6:45  Barracks Tech Lab  
  39  6:46  Barracks Tech Lab  
  40  6:51  SCV  
  41  6:56  SCV  
  42  7:03  SCV  
  42  7:06  Starport Reactor, Marine  
  42  7:07  Stimpack, Marine  
  42  7:08  SCV, Marine  
  45  7:11  Marine  
  46  7:15  SCV  
  46  7:16  Combat Shield  
  46  7:20  SCV  
  46  7:22  Refinery  
  48  7:23  Marine  
  48  7:25  Supply Depot, Marine x2  
  48  7:28  SCV  
  48  7:29  Marine  
  53  7:32  SCV  
  53  7:36  Siege Tank  
  53  7:41  Marine  
  54  7:47  Marine  
  54  7:48  Marine  
  54  7:49  Marine  
  54  7:50  Medivac  
  59  7:51  SCV  
  59  7:53  Supply Depot  
  59  7:55  Medivac, Supply Depot  
  62  7:59  Marine  
  62  8:00  SCV  
  62  8:03  SCV  
  65  8:05  Marine x2  
  65  8:06  Marine  
  68  8:16  SCV x2  
  68  8:17  Marine  
  71  8:20  Medivac  
  71  8:23  Marine x2  
  71  8:24  Marine, Siege Tank  
  71  8:25  Medivac  
  81  8:28  SCV  
  83  8:45  Engineering Bay  
  83  8:48  Engineering Bay, Marine  
  82  8:49  Marine  
  82  8:51  Command Center  
  84  8:56  Marine  
  84  8:59  Marine  
  86  9:05  SCV, Supply Depot, Siege Tank  
  86  9:08  Marine x2  
  92  9:11  SCV  
  92  9:15  Supply Depot  
  93  9:17  SCV  
  94  9:27  Marine  
  95  9:32  Marine  
  95  9:37  Siege Tank  
  95  9:48  Marine x2  
  95  9:50  Terran Infantry Weapons Level 1, Terran Infantry Armor Level 1  
  95  9:54  Armory, Barracks x2  
  82  10:06  Marine x3  
  83  10:09  Siege Tank  
  83  10:12  Marine  
  83  10:13  Medivac  
  86  10:20  Medivac  
  82  10:25  Marine x2  
  73  10:29  Marine  
  73  10:30  Marine  
  73  10:32  SCV x2  
  77  10:41  Siege Tank  
  80  10:43  Medivac, Marine  
  80  10:44  SCV  
  80  10:46  Terran Vehicle Weapons Level 1  
  80  10:47  Marine  
  80  10:48  Marine x2  
  87  10:50  Medivac  
  87  10:52  SCV  
  87  10:56  SCV  
  91  11:01  Barracks Reactor, Marine  
  92  11:04  SCV  
  92  11:05  Marine x2  
  92  11:08  SCV  
  95  11:14  Siege Tank  
  98  11:22  Marine  
  99  11:26  Marine x3  
  75  11:43  Marine x4  
  75  11:44  Marine  
  75  11:46  Marine x2  
  62  11:55  Terran Infantry Armor Level 2, Terran Infantry Weapons Level 2  
  62  12:00  Marine  
  62  12:01  Marine x3  
  60  12:02  Marine  
  60  12:04  Marine  
  60  12:08  Planetary Fortress  
  57  12:10  SCV x2, Marine  
  60  12:18  Marine x2  
  60  12:19  Marine x2  
  60  12:22  Marine  
  64  12:25  Barracks Reactor  
  64  12:28  Marine  
  64  12:29  SCV  
  61  12:35  SCV  
  61  12:36  Marine x3  
  61  12:37  Marine  
  61  12:40  Marine  
  59  12:46  Marine, Siege Tank  
  59  12:53  Liberator  
  59  12:54  SCV, Marine  
  59  12:56  Marine x2  
  66  13:00  Medivac  
  66  13:01  Marine  
  66  13:04  Marine  
  66  13:05  Marine  
  71  13:09  SCV x2  
  73  13:13  SCV  
  73  13:14  Marine  
  75  13:21  SCV  
  63  13:30  Marine x3  
  63  13:31  SCV x2  
  63  13:32  Siege Tank  
  63  13:33  SCV, Medivac  
  73  13:35  Marine  
  73  13:36  Medivac, Marine  
  73  13:37  Marine  
  73  13:38  Marine  
  79  13:43  SCV  
  79  13:45  SCV  
  79  13:46  Marine  
  79  13:48  Marine x3  
  84  13:53  Marine  
  86  13:58  Refinery  
  86  13:59  Marine  
  86  14:01  Refinery, Marine x2  
  89  14:04  Marine  
  89  14:05  Marine  
  89  14:06  Marine  
  92  14:10  Marine  
  92  14:11  Marine  
  94  14:17  Marine  
  94  14:18  Marine  
  94  14:19  Marine, Siege Tank  
  94  14:22  Marine  
  94  14:23  Marine x2  
  102  14:28  Marine x2  
  104  14:35  Marine  
  104  14:36  Marine  
  107  14:40  Marine  
  107  14:41  Marine  
  97  14:48  Marine x2  
  85  15:10  Barracks  
  85  15:12  Barracks  
  77  15:18  Factory  
  77  15:21  Supply Depot  
  76  15:23  Supply Depot  
  67  15:55  Orbital Command  
  65  16:00  Barracks Reactor x2  
  64  16:06  Factory Tech Lab  
  63  16:13  Supply Depot  
  63  16:15  Supply Depot  
  54  16:34  Siege Tank  
  54  16:39  Marine x4  
  46  16:40  Supply Depot  
  46  16:45  Starport  
  42  16:57  Marine x4  
  42  17:06  Siege Tank  
  45  17:14  Supply Depot, Marine  
  45  17:15  Marine x3  
  49  17:24  Medivac  
  48  17:32  Marine x3  
  48  17:33  Marine  
  52  17:38  SCV  
  53  17:44  Siege Tank  
  53  17:50  Marine x4  
  60  18:08  Marine x3  
  63  18:14  Marine  
  59  18:26  Marine x3  
  54  18:29  Siege Tank  
  54  18:32  Marine  
  54  18:35  Viking  
  46  19:33  Siege Tank  
  46  19:47  Marine  
  47  20:22  Marine x4  
  46  20:40  Marine x2, Siege Tank  
  46  20:42  Marine x2  
  43  20:56  SCV  
  44  20:58  Marine x2  
  44  21:00  Marine  
  47  21:22  Marine x2  
  47  21:24  SCV, Marine  
  47  21:25  Medivac  
  43  21:29  Marine  
  38  21:36  SCV  
  42  21:48  SCV  
Tags
 
Add a new tag
Caveats
  • Supply blocks, unpowered buildings, or Contaminate may cause inaccurate times.
  • Supply counts are checked every 10 seconds.